Unix NetHack Version 5.0.0-0 post-release - last build Jun 10 2026 00:39:30 (3ee93aec679c4c4259841fe613dc97188e26a321,branch:main).

Game began 2026-07-07 23:08:50, ended 2026-07-07 23:28:37.

DaveT, lawful male human Priest

                         ---------------
                      ###..............|
                    ###  |............<.
                    #    |.............|
                    #    |.........Y...|
                    #    |............{|
                    #    ----------.----
                    #              Y
                    #     #########@`
                    # #####        #
 -----     ##*#########   ##
 |...-##   #        ##   ##
 |...| #  ##--------#   -.------
 |...|######|.......`   |......|
 |...-#    #-......|    |......|
 |...|      |......|    |......|
 |...|      |..^...|    |......|
 -----      |..>....    .......|
            --------    --------

DaveT the Adept              St:11 Dx:17 Co:16 In:8 Wi:17 Ch:9  Lawful
Dlvl:5  $:1198 HP:0(63) Pw:84(93) AC:2  Xp:7 T:4170  Burdened

Latest messages:
 The ape hits again!
 The ape bites!
 You feel more confident in your weapon skills.
 You hit the ape.
 The ape hits!
 The ape hits again!
 The ape misses!
 You are now most skilled in mace.
 You hit the ape!
 The ape hits!
 The ape hits again!
 The ape bites!
 You hit the ape.
 The ape hits!
 The ape hits again!
 The ape bites!
 The ape just misses!
 The ape hits!
 The ape misses!
 You kill the ape!
 You hit the ape!
 The ape hits!
 The ape hits again!
 The ape misses!
 You hit the ape!
 The ape hits!
 The ape hits again!
 The ape bites!
 The ape hits!
 The ape hits again!
 The ape bites!
 In what direction? .
 You feel better.
 The ape misses!
 The ape hits!
 The ape misses!
 You fail to cast the spell correctly.
 The ape hits!
 The ape misses!
 The ape bites!
 Are you waiting to get hit?  Use 'm' prefix to force a no-op (to rest).
 You fail to cast the spell correctly.
 The ape hits!
 The ape hits again!
 The ape bites!
 The ape hits!
 The ape hits again!
 You die...
 Do you want your possessions identified? [ynq] (y) y
 Do you want to see your attributes? [ynq] (y) q

Inventory:
 Coins    ('$')
  $ - 1198 gold pieces
 Amulets  ('"')
  K - a cursed amulet of strangulation
 Weapons  (')')
  n - 9 cursed +0 darts
  H - a +0 orcish dagger
  a - a blessed +1 mace (weapon in right hand)
 Armor    ('[')
  z - a rusty +0 orcish helm (being worn)
  b - a +0 robe (being worn)
  N - a +0 splint mail (being worn)
 Comestibles  ('%')
  e - 2 cloves of garlic
  P - a lembas wafer
  f - 3 sprigs of wolfsbane
 Scrolls  ('?')
  Q - a cursed scroll of create monster
  M - a cursed scroll of enchant armor
 Spellbooks  ('+')
  q - a spellbook of extra healing
  g - a spellbook of healing
  u - a spellbook of magic missile
  h - a spellbook of remove curse
  r - a spellbook of sleep
 Potions  ('!')
  t - a potion of healing
  S - a cursed potion of restore ability
  s - a potion of sleeping
  d - 4 potions of holy water
 Tools    ('(')
  G - a blindfold
  O - a credit card
  J - an oil lamp
  E - a +0 pick-axe
  F - a stethoscope

DaveT the Priest's attributes:

Background:
 You were an Adept, a level 7 human Priest.
 You were lawful, on a mission for Lugh
 who was opposed by Brigit (neutral) and Manannan Mac Lir (chaotic).
 You were right-handed.
 You were in the Dungeons of Doom, on level 5.
 You entered the dungeon 4170 turns ago.
 It was nighttime.
 You had 778 experience points, 502 more were needed to attain level 8.

Basics:
 You had 0 out of 63 hit points.
 You had 84 out of 93 energy points (spell power).
 Your armor class was 2.
 Your wallet contained 1198 zorkmids.
 Autopickup was off.

Final Characteristics:
 Your strength was 11 (limit:18/100).
 Your dexterity was 17 (limit:18).
 Your constitution was 16 (limit:18).
 Your intelligence was 8 (limit:18).
 Your wisdom was 17 (limit:18).
 Your charisma was 9 (limit:18).

Final Status:
 You weren't hungry.
 You were burdened; movement was slightly slowed.
 You were wielding a mace.
 You had expert skill with mace.

Final Attributes:
 You were piously aligned.
 You were poison resistant.
 You were guarded.
 Your spell casting was impaired by metallic armor, mitigated by your robe.
 You are dead.

Miscellaneous:
 You didn't encounter any bones levels.
 Total elapsed playing time was 19 minutes and 47 seconds.

Major events:
 Turn
    1: DaveT the lawful human Priest entered the dungeon
  452: attained the rank of Acolyte (level 3)
  591: attained the rank of Adept (level 6)
 1569: entered the Gnomish Mines
 4170: killed by an ape

Spells:
 Name                 Level Category     Fail Retention
 healing                1   healing       35%  76%-100%
 remove curse           3   clerical      15%    (gone)
 sleep                  3   enchantment  100%  76%-100%

Skills:
 Fighting Skills
   bare handed combat [Unskilled]
 Weapon Skills
   club               [Unskilled]
   mace               [Expert]
   morning star       [Unskilled]
   flail              [Unskilled]
   hammer             [Unskilled]
   quarterstaff       [Unskilled]
   polearms           [Unskilled]
   spear              [Unskilled]
   trident            [Unskilled]
   lance              [Unskilled]
   bow                [Unskilled]
   sling              [Unskilled]
   crossbow           [Unskilled]
   dart               [Unskilled]
   shuriken           [Unskilled]
   boomerang          [Unskilled]
   unicorn horn       [Unskilled]
 Spellcasting Skills
   healing spells     [Unskilled]
   divination spells  [Unskilled]
   clerical spells    [Basic]

Voluntary challenges:
 Character rerolling was not enabled.
 You never genocided any monsters.
 You never polymorphed an object.
 You used no wishes.
Achievements:
 You attained the rank of Acolyte.
 You attained the rank of Adept.
 You entered a shop.
 You entered the Gnomish Mines.

 The Dungeons of Doom: levels 1 to 6
    Level 1:
       A sink.
    Level 2: "empty vault"
       A fountain, a grave.
    Level 3:
       An armor shop, a fountain.
    Level 4:
       A fountain.
       Stairs down to The Gnomish Mines.
    Level 5: <- You were here.
       A fountain.
       Final resting place for
          you, killed by an ape.
    Level 6:
 The Gnomish Mines: levels 5 to 6
    Level 5:
    Level 6:


Vanquished creatures:
  a giant mimic
  2 large mimics
  4 small mimics
 an ape
  a water nymph
  a rock mole
  2 shriekers
  a gnome leader
  2 gray oozes
  9 giant ants
  a kitten
  a dwarf
  a homunculus
  a giant bat
  a wererat
 an iguana
  a coyote
  a hobbit
  6 giant rats
  2 cave spiders
  2 yellow molds
 10 gnomes
  2 geckos
  2 jackals
  a fox
  3 goblins
  2 sewer rats
  a grid bug
  6 lichens
  4 newts
73 creatures vanquished.

No species were genocided or became extinct.

Game over:
                       ----------
                      /          \
                     /    REST    \
                    /      IN      \
                   /     PEACE      \
                  /                  \
                  |      DaveT       |
                  |     1198 Au      |
                  | killed by an ape |
                  |                  |
                  |                  |
                  |                  |
                  |       2026       |
                 *|     *  *  *      | *
        _________)/\\_//(\/(/\)/\//\/|_)_______

Goodbye DaveT the Priest...

You died in The Dungeons of Doom on dungeon level 5 with 4633 points,
and 1198 pieces of gold, after 4170 moves.
You were level 7 with a maximum of 63 hit points when you died.

